 Dungeon Crawl Stone Soup version 0.29-a0-330-g52719c12eb (webtiles) character file.

Game seed: 11679732909056865223

305036 wakim the Black Belt (level 21, -3/153 HPs)
             Began as an Octopode Transmuter on Apr 17, 2022.
             Was an Initiate of Gozag.
             Shot with an arrow by a centaur warrior (17 damage)
             ... summoned by a boggart
             ... on level 2 of the Vaults on Apr 18, 2022.
             The game lasted 03:58:19 (74379 turns).

wakim the Black Belt (Octopode Transmuter)         Turns: 74379, Time: 03:58:20

Health: -3/153     AC: 23    Str: 16      XL:     21   Next: 12%
Magic:  45/45      EV: 26    Int: 26 (27) God:    Gozag
Gold:   4370       SH:  0    Dex: 15      Spells: 4/43 levels left

rFire   + . .      SeeInvis +     - Unarmed
rCold   + + .      Faith    .   (shield currently unavailable)
rNeg    + + +      Spirit   .   (helmet currently unavailable)
rPois   ∞          Reflect  .   V - amulet of regeneration
rElec   +          Harm     .   n - ring of Kamnuyfi {rN+ MP+9}
rCorr   +          Rampage  .   b - +6 ring of strength
Will    ++++.                   g - ring of Veaso {Contam rPois rC+ Will++}
Stlth   +++.......              i - ring of protection from fire
HPRegen 1.15/turn               e - ring of Perfectionism {rN++ Will+ AC+4 Int-2 SInv}
MPRegen 0.29/turn               p - ring of Ru's Inspiration {rElec rC+ Slay+2}
                                r - ring of resist corrosion
                                y - +6 ring of intelligence

@: about to teleport, storm-form, blinkbolt cooldown, flying
A: cleaving, flying, almost no armour, amphibious, 8 rings, (camouflage 1),
(gelatinous body 1), (nimble swimmer 1), (tentacles), (tentacle spike 1),
deterioration 1
}: 2/15 runes: decaying, serpentine
a: Blinkbolt, End Transformation, Renounce Religion, Potion Petition, Call
Merchant, Bribe Branch


You were on level 2 of the Vaults.
You worshipped Gozag.
Gozag was most pleased with you.
You were a lightning-filled tempest!
You visited 7 branches of the dungeon, and saw 35 of its levels.
You also visited: Sewer, Gauntlet and Ice Cave.

You collected 18157 gold pieces.
You spent 5738 gold pieces at shops.
You paid 8049 gold pieces to Gozag.

Inventory:

Missiles
 h - 6 throwing nets {=f!f}
 o - 8 curare-tipped darts {=f}
Armour
 f - a +2 hat (melded)
Magical Staves
 a - a staff of air (melded)
Jewellery
 b - a +6 ring of strength (right fist)
 d - a ring of fire
 e - the ring of Perfectionism (on tentacle) {rN++ Will+ AC+4 Int-2 SInv}
   (You bought it in a shop on level 14 of the Dungeon)

   [ring of protection]

   AC:        It affects your AC (+4).
   Int:       It affects your intelligence (-2).
   rN:        It greatly protects you from negative energy.
   SInv:      It lets you see invisible.
   Will:      It increases your willpower.
 g - the ring of Veaso (on tentacle) {Contam rPois rC+ Will++}
   (You bought it in a shop on level 3 of the Snake Pit)

   [ring of poison resistance]

   rC:        It protects you from cold.
   rPois:     It protects you from poison.
   Contam:    It causes magical contamination when unequipped.
   Will:      It greatly increases your willpower.
 i - a ring of protection from fire (on tentacle)
 n - the ring of Kamnuyfi (left fist) {rN+ MP+9}
   (You bought it in a shop on level 3 of the Snake Pit)

   [ring of magical power]

   rN:        It protects you from negative energy.
   MP:        It affects your magic capacity (+9).
 p - the ring of Ru's Inspiration (on tentacle) {rElec rC+ Slay+2}
   (You bought it in a shop on level 1 of the Snake Pit)

   [ring of protection from cold]

   Slay:      It affects your accuracy & damage with ranged weapons and melee
   (+2).
   rC:        It protects you from cold.
   rElec:     It insulates you from electricity.
 q - a ring of magical power
 r - a ring of resist corrosion (on tentacle)
 s - an amulet of reflection
 u - a ring of wizardry
 y - a +6 ring of intelligence (on tentacle)
 V - an amulet of regeneration (around neck)
Wands
 c - a wand of acid (18)
 j - a wand of iceblast (11)
 t - a wand of digging (8)
 v - a wand of flame (41)
 P - a wand of polymorph (44)
Scrolls
 Q - 2 scrolls of immolation {!r!r}
 R - 7 scrolls of magic mapping {!r}
 S - 2 scrolls of summoning
 T - 14 scrolls of teleportation
 U - 10 scrolls of fear
 W - 2 scrolls of holy word
 X - 6 scrolls of fog
 Y - 5 scrolls of blinking {!r}
 Z - 2 scrolls of silence {!r}
Potions
 A - 6 potions of ambrosia
 B - 7 potions of attraction {!q}
 C - 3 potions of berserk rage {!q}
 D - 6 potions of brilliance
 E - 2 potions of cancellation
 F - 18 potions of curing
 G - 12 potions of flight
 H - 9 potions of haste
 I - 6 potions of invisibility
 J - 2 potions of heal wounds
 K - 2 potions of magic
 L - 5 potions of lignification {!q}
 M - 7 potions of mutation {!q}
 N - 3 potions of might
 O - 2 potions of resistance
Miscellaneous
 l - a condenser vane
 m - a phantom mirror
 w - a phial of floods
 z - a box of beasts


   Skills:
 + Level 16.0 Fighting
 - Level 10.0 Dodging
 - Level 5.0 Stealth
 + Level 19.2 Unarmed Combat
 + Level 11.6 Spellcasting
 + Level 11.7 Translocations
 - Level 16.0 Transmutations
 - Level 4.0 Ice Magic
 * Level 13.7 Air Magic
 - Level 6.0 Evocations


You had 4 spell levels left.
You knew the following spells:

 Your Spells              Type           Power      Damage    Failure   Level
a - Dragon Form           Tmut           39%        N/A       4%          7
b - Manifold Assault      Tloc           66%        N/A       1%          5
c - Ice Form              Ice/Tmut       61%        N/A       1%          4
d - Storm Form            Tmut/Air       37%        N/A       8%          7
e - Ozocubu's Armour      Ice            35%        N/A       2%          3
f - Maxwell's Capacitive  Air            36%        ∞         67%         8
s - Swiftness             Air            72%        N/A       1%          3
B - Blink                 Tloc           100%       N/A       1%          2

Your spell library contained the following spells:

 Spells                   Type           Power      Damage    Failure   Level
 Beastly Appendage        Tmut           100%       N/A       0%          1
 Wereblood                Tmut           78%        N/A       0%          2
 Sting                    Tmut/Pois      100%       1d8       1%          1
 Corpse Rot               Necr/Air       100%       N/A       1%          2
 Passwall                 Tmut/Erth      45%        N/A       1%          2
 Static Discharge         Conj/Air       50%        N/A       1%          2
 Lesser Beckoning         Tloc           66%        N/A       1%          3
 Mephitic Cloud           Conj/Pois/Air  38%        N/A       1%          3
 Portal Projectile        Hex/Tloc       90%        N/A       1%          3
 Spider Form              Tmut/Pois      54%        N/A       1%          3
 Petrify                  Tmut/Erth      54%        N/A       1%          4
 Ensorcelled Hibernation  Hex/Ice        50%        N/A       2%          2
 Iskenderun's Mystic Bla  Conj/Tloc      45%        2d10      3%          4
 Foxfire                  Conj/Fire      60%        2x1d7     4%          1
 Magic Dart               Conj           60%        1d6       4%          1
 Call Imp                 Summ           15%        N/A       6%          2
 Sublimation of Blood     Necr           15%        N/A       6%          2
 Call Canine Familiar     Summ           15%        N/A       12%         3
 Conjure Flame            Conj/Fire      15%        6-21      12%         3
 Dazzling Flash           Conj/Hex       30%        N/A       12%         3
 Inner Flame              Hex/Fire       15%        N/A       12%         3
 Tukima's Dance           Hex            15%        N/A       12%         3
 Anguish                  Hex/Necr       7%         N/A       36%         4
 Dispel Undead            Necr           15%        3d10      36%         4
 Flame Wave               Conj/Fire      15%        2d6       36%         4
 Fulminant Prism          Conj/Hex       7%         3d7       36%         4
 Leda's Liquefaction      Hex/Erth       7%         N/A       36%         4
 Olgreb's Toxic Radiance  Pois           15%        N/A       36%         4
 Blade Hands              Tmut           39%        N/A       1%          5
 Irradiate                Conj/Tmut      27%        3d22      4%          5
 Yara's Violent Unravell  Hex/Tmut       27%        3d12      4%          5
 Lightning Bolt           Conj/Air       25%        1d41      6%          5
 Summon Forest            Summ/Tloc      22%        N/A       10%         5
 Eringya's Noxious Bog    Tmut/Pois      27%        N/A       22%         6
 Statue Form              Tmut/Erth      36%        N/A       22%         6
 Metabolic Englaciation   Hex/Ice        12%        N/A       43%         5
 Agony                    Necr           15%        N/A       73%         5
 Lee's Rapid Deconstruct  Erth           7%         3d8*      73%         5
 Death Channel            Necr           7%         N/A       99%         6
 Iron Shot                Conj/Erth      7%         9d2       99%         6
 Starburst                Conj/Fire      7%         6d4       99%         6
 Enfeeble                 Hex            7%         N/A       100%        7
 Ozocubu's Refrigeration  Ice            17%        4d8       100%        7
 Summon Hydra             Summ           7%         N/A       100%        7
 Borgnjor's Revivificati  Necr           7%         N/A       100%        8
 Ignition                 Fire           7%         3d5       100%        8
 Necromutation            Tmut/Necr      27%        N/A       100%        8
 Death's Door             Necr           7%         N/A       100%        9
 Animate Armour           Summ/Erth      Unusable   N/A       N/A         4

Dungeon Overview and Level Annotations

Branches:
Dungeon (15/15)            Temple (1/1) D:5            Lair (6/6) D:10
  Swamp (4/4) Lair:2        Snake (4/4) Lair:2        Slime (0/5) Lair:6
    Orc (2/2) D:9             Elf (0/3) Orc:2        Vaults (3/5) D:13
  Crypt (0/3) Vaults:2     Depths (0/4) D:15          Sewer (visited)
  IceCv (visited)         Gauntlet (visited)

Altars:
Ashenzari
Cheibriados
Dithmenos
Elyvilon
Fedhas
Gozag
Hepliaklqana
Nemelex Xobeh
Qazlal
Sif Muna
Trog
Uskayaw
Wu Jian
Xom
Zin
The Shining One

Shops:
D:2 !   D:4 *![(!   D:9 *:   D:10 !   D:14 *=   D:15 !   Orc:2 :*:!:*
Lair:3 ?   Lair:6 ?   Snake:1 =?[(   Snake:3 =::   Vaults:1 :   Vaults:2 =

Portals:
Abyss: Swamp:1

Annotations:
Swamp:1 2 transporters, Tezxun's ghost, adept MiMo
Vaults:2 3 runed translucent doors


Innate Abilities, Weirdness & Mutations

You are a lightning-filled tempest!
Your electrical attacks strike out in all directions at once.
You are incredibly evasive.
You are flying.
You are immune to poison.
Your armour is entirely melded.
You are incapable of wielding weapons or throwing items.
You cannot wear most types of armour.
You are amphibious.
You can wear up to eight rings at the same time.
((Your skin changes colour to match your surroundings (Stealth+).))
((Your rubbery body absorbs attacks. (AC +1, EV +1)))
((You are camouflaged when in or above water. (Stealth+)))
((You have tentacles for arms and can constrict up to eight enemies at once.))
((One of your tentacles bears a spike.))
Your body sometimes deteriorates upon taking damage.


Message History

Strange energies crackle from the ironbound thunderhulk's apparatus.
The ironbound thunderhulk blinks! 55/153 (+1)
As you read the scroll of teleportation, it crumbles to dust.
You feel strangely unstable.
The vault sentinel is no longer distracted by gold.
The ettin completely misses you.
The ettin hits you with a +0 great mace!
* * * LOW HITPOINT WARNING * * *
Your body deteriorates!
You feel dopey. The centaur warrior closely misses you.
The centaur warrior misses you.
The centaur warrior wields a +0 longbow.
The centaur warrior shoots an arrow.
The arrow completely misses you.
The arrow hits the centaur warrior!!
The rakshasa completely misses you.
Electricity crackles from the ironbound thunderhulk's apparatus.
The bolt of lightning misses you. 39/153 (-16)
The centaur warrior attacks as you move away!
The centaur warrior barely misses you.
The centaur warrior kicks you but does no damage.
The ettin attacks as you move away! The ettin misses you.
The ettin completely misses you.
The centaur warrior wields a +0 shortbow.
The centaur warrior shoots an arrow.
The arrow completely misses you.
The centaur warrior wields a +0 shortbow.
The centaur warrior shoots an arrow.
The arrow misses you.
The centaur warrior shoots an arrow.
The arrow hits you.
* * * LOW HITPOINT WARNING * * *
An ironbound thunderhulk comes into view.
It is wielding a +0 dire flail.
The rakshasa weaves an illusion.
The ironbound thunderhulk shimmers and seems to become two! 34/153 (-5)
The centaur warrior shoots an arrow.
The arrow misses you.
The centaur warrior shoots an arrow.
The arrow hits you!
* * * LOW HITPOINT WARNING * * *
The centaur warrior shoots an arrow.
The arrow hits you!
* * * LOW HITPOINT WARNING * * *
The rakshasa blinks!
The centaur warrior shoots an arrow.
The arrow hits you!
You die...
Your body crumbles into a pile of gold.

############
#..... #.....
#.###. #.###.
######## ####..
### ###
#......# #...
#.## ##.#
#...R..# ####
#..# ##..##
#...O..#
..####....#
#.v.c..#
..###.##..#
#.C.(..#
..##.###..#
#......#
...)####..#
#cc§c..# #..##
#..## #pgp...#
#.## ##.#
#...$..# ###
#'######O######
#...(.....#
#.......O.#


You could see 2 ironbound thunderhulks, an ettin (strong), a rakshasa (strong),
4 centaur warriors, 2 vault sentinels and a boggart (invisible).

Vanquished Creatures
  Mara (Swamp:4)
  Vashnia (Snake:3)
  Nikola (Snake:2)
  A tentacled monstrosity (Vaults:1)
  Asterion (Snake:3)
  An ancient champion (Vaults:2)
  A thorn hunter (Swamp:4)
  Kirke (Snake:2)
  2 sphinxes (Vaults:2)
  3 nagarajas (Snake:4)
  A deep elf sorcerer (Vaults:1)
  Aizul (Snake:3)
  An orc warlord (Vaults:1)
  3 ghouls (Swamp:4)
  7 vault wardens (Vaults:2)
  9 ironbound preservers
  A war gargoyle (Vaults:2)
  3 very ugly things (Vaults:2)
  A stone giant (Vaults:2)
  3 ironbound thunderhulks
  2 entropy weavers (Vaults:2)
  8 eleionomae
  A bunyip (Swamp:1)
  2 green draconians (Swamp:1)
  Azrael (Snake:1)
  An ettin (D:13)
  2 blizzard demons (IceCv)
  Josephine (D:11)
  2 shambling mangroves
  Harold (D:11)
  4 vault guards (Vaults:2)
  10 yaktaur captains
  A salamander tyrant (Snake:4)
  3 great orbs of eyes
  An ice dragon (D:15)
  2 fire dragons
  2 peacekeepers
  3 boulder beetles (D:14)
  21 hydras
  13 naga warriors
  A ghost crab (Swamp:3)
  A caustic shrike simulacrum (IceCv)
  7 ironbound frosthearts
  17 centaur warriors
  5 ogre magi
  25 two-headed ogres
  10 anacondas
  A death knight (D:15)
  A deep troll earth mage (Vaults:1)
  7 alligators
  A vampire mage (Vaults:2)
  A tengu warrior (D:15)
  A spriggan berserker (Swamp:4)
  20 naga sharpshooters
  An orc high priest (Orc:2)
  8 shock serpents
  Sonja (D:13)
  8 spriggans
  Nergalle (D:11)
  7 goliath frogs
  3 spriggan druids
  Amaemon (D:8)
  Lodul (D:11)
  21 deep trolls
  5 salamander mystics
  2 anaconda zombies (Snake:2)
  6 bog bodies
  4 spectral anacondas (Snake:2)
  15 swamp dragons
  A glowing orange brain (Vaults:2)
  5 naga ritualists
  12 ironbound convokers
  2 phantasmal warriors
  7 anaconda skeletons (Snake:2)
  A deep elf archer (D:14)
  3 harpies (Vaults:1)
  2 obsidian statues
  3 orc knights
  10 lindwurms
  3 deep elf pyromancers
  7 spriggan simulacra (IceCv)
  4 wizards
  A wolf spider (Lair:6)
  A necromancer (Vaults:1)
  9 mana vipers
  3 oklob plants
  13 salamanders
  3 orc sorcerers
  3 will-o-the-wisps
  14 ugly things
  9 cyclopes
  A human zombie (Vaults:1)
  A moth of wrath (shapeshifter) (D:15)
  3 manticores
  Maurice (D:13)
  13 vault sentinels
  20 naga magi
  9 elephants
  27 black mambas
  11 guardian serpents
  An orange demon (D:8)
  4 gargoyles
  5 torpor snails (Lair:6)
  10 cane toads
  5 rime drakes
  Psyche (D:11)
  3 freezing wraiths
  18 yaktaurs
  5 anaconda simulacra
  2 golden dragon simulacra (IceCv)
  4 ice devils (IceCv)
  A tengu conjurer (D:14)
  10 komodo dragons
  A kobold demonologist (D:11)
  6 entropy weaver simulacra (IceCv)
  10 trolls
  A bloated husk (Swamp:3)
  11 polar bears
  A tengu simulacrum (Vaults:1)
  26 slime creatures
  10 tyrant leeches
  18 hornets
  10 dream sheep
  11 blink frogs
  3 raiju (Lair:6)
  A jumping spider (Vaults:2)
  2 shadows
  2 vampires
  56 yaks
  A centaur simulacrum (D:15)
  3 hogs (Snake:2)
  6 wyverns
  7 wraiths
  5 basilisks
  A dire elephant simulacrum (IceCv)
  3 fire elementals (Snake:1)
  9 minotaur simulacra (IceCv)
  A yaktaur simulacrum (Vaults:1)
  13 vampire mosquitoes
  A redback (Vaults:2)
  9 wargs
  62 nagas
  15 swamp worms
  4 harpy simulacra (IceCv)
  10 water moccasins
  3 acid dragons
  16 hell hounds
  20 orc warriors
  12 black bears
  2 ice beasts
  14 swamp drakes
  41 ogres
  3 sky beasts (D:6)
  28 wolves
  A tengu (D:7)
  A boggart (Vaults:2)
  8 centaurs
  4 phantoms
  6 kobold brigands
  A gnoll sergeant (D:8)
  2 scorpions (D:5)
  17 bullfrogs
  A necrophage (D:6)
  5 deep troll simulacra (IceCv)
  6 wights
  A human simulacrum (Vaults:1)
  9 killer bees
  3 lindwurm simulacra (IceCv)
  5 electric eels
  8 howler monkeys
  5 hounds
  A jelly (D:6)
  7 gnoll shamans
  11 orc priests
  4 iguanas
  19 orc wizards
  9 hell rats
  34 gnolls
  8 adders
  5 river rats
  5 white imps
  2 worms (D:3)
  A dart slug (D:1)
  50 orcs
  8 ball pythons
  9 endoplasms
  6 giant cockroaches
  4 goblins
  11 hobgoblins
  17 jackals
  2 quokkas (D:1)
  2 training dummies (D:6)
  4 bats (D:1)
  6 frilled lizards
  16 kobolds
  8 rats
1367 creatures vanquished.

Vanquished Creatures (collateral kills)
  A scorpion (D:6)
1 creature vanquished.

Vanquished Creatures (others)
  A yaktaur (Vaults:2)
  An adder (D:6)
  A quokka (D:6)
  11 foxfires
  35 fungi
  206 plants
255 creatures vanquished.

Grand Total: 1623 creatures vanquished

Notes
Turn   | Place    | Note
-------+----------+-------------------------------------------
     0 | D:1      | wakim the Octopode Transmuter began the quest for the Orb.
     0 | D:1      | Reached XP level 1. HP: 13/13 MP: 3/3
   113 | D:1      | Reached skill level 1 in Stealth
   161 | D:1      | Reached XP level 2. HP: 18/18 MP: 3/5
   511 | D:1      | Reached XP level 3. HP: 23/23 MP: 4/6
   929 | D:1      | Learned a level 3 spell: Spider Form
  1511 | D:2      | Reached XP level 4. HP: 29/29 MP: 5/7
  1648 | D:2      | Found Bafos's Distillery.
  2459 | D:3      | Reached skill level 4 in Unarmed Combat
  2663 | D:3      | Reached XP level 5. HP: 19/34 MP: 5/8
  2814 | D:3      | Identified the +2 halberd "Akhah" {elec, Fragile rF+++
                  | Int-3 Dex+10}
  2816 | D:3      | !bestwep
  3166 | D:4      | Noticed a phantom
  3225 | D:4      | Noticed a phantom
  3225 | D:4      | Found Zofa's Armour Boutique.
  3225 | D:4      | Found Pidieree's Distillery.
  3225 | D:4      | You fall into a shaft and drop 3 floors!
  3291 | D:6      | Noticed a sky beast
  3411 | D:5      | Entered Level 5 of the Dungeon
  3433 | D:4      | Found Sitap's Distillery.
  3436 | D:4      | Found Doass's Antique Weapon Boutique.
  3634 | D:4      | Bought a potion of heal wounds for 50 gold pieces
  3634 | D:4      | Bought a potion of invisibility for 80 gold pieces
  3663 | D:4      | Killed a phantom
  3664 | D:4      | Reached skill level 5 in Stealth
  3664 | D:4      | Reached XP level 6. HP: 36/41 MP: 7/9
  3722 | D:4      | Found a glowing drain.
  3734 | D:4      | Reached skill level 5 in Unarmed Combat
  3746 | D:4      | Learned a level 4 spell: Ice Form
  3747 | Sewer    | Entered a sewer
  3939 | Sewer    | !bestwep
  3955 | Sewer    | Reached skill level 1 in Ice Magic
  4138 | Sewer    | Reached XP level 7. HP: 43/46 MP: 8/10
  4813 | D:4      | Found an opulent altar of Gozag.
  4814 | D:4      | Found a glowing silver altar of Zin.
  5358 | D:4      | Reached skill level 6 in Unarmed Combat
  5678 | D:4      | Found Ukucleis's Assorted Antiques.
  5728 | D:4      | Became a worshipper of Gozag Ym Sagoz the Greedy
  5967 | D:5      | Reached XP level 8. HP: 54/54 MP: 11/11
  6421 | D:5      | Found a staircase to the Ecumenical Temple.
  6546 | D:5      | Reached skill level 7 in Unarmed Combat
  6668 | D:5      | !bestwep
  7034 | Temple   | Entered the Ecumenical Temple
  7313 | D:6      | Reached skill level 5 in Fighting
  7313 | D:6      | Reached XP level 9. HP: 61/61 MP: 10/12
  7475 | D:5      | Reached skill level 5 in Transmutations
  7772 | D:6      | Reached skill level 8 in Unarmed Combat
  7998 | D:6      | Found a white marble altar of Elyvilon.
  8298 | D:6      | !bestwep
  9351 | D:7      | Found a hazy altar of Hepliaklqana.
  9584 | D:7      | Reached skill level 9 in Unarmed Combat
 10022 | D:8      | Reached XP level 10. HP: 61/68 MP: 8/13
 10112 | D:8      | Noticed an orange demon
 10202 | D:8      | Noticed Amaemon
 11031 | D:8      | !bestwep
 11236 | D:8      | Noticed Maggie
 11746 | D:8      | Reached skill level 10 in Unarmed Combat
 13147 | D:8      | Noticed Maggie
 13147 | D:8      | Maggie changed into Maggie the tengu
 13265 | D:7      | Killed Maggie the tengu
 13505 | D:8      | Killed an orange demon
 13596 | D:8      | Found a shadowy altar of Dithmenos.
 13636 | D:8      | Killed Amaemon
 13637 | D:8      | Reached skill level 1 in Evocations
 13967 | D:9      | Found Joklin's Assorted Antiques.
 13976 | D:9      | Bought a scratched emerald ring for 150 gold pieces
 13985 | D:9      | Found a staircase to the Orcish Mines.
 14520 | D:9      | Reached skill level 5 in Dodging
 14640 | D:9      | Reached XP level 11. HP: 75/75 MP: 9/14
 14804 | D:9      | Found a broken altar of Ashenzari.
 14804 | D:9      | Found a bloodstained altar of Trog.
 14804 | D:9      | Found a glowing golden altar of the Shining One.
 14804 | D:9      | Found a stormy altar of Qazlal.
 14806 | D:9      | Noticed a two-headed ogre
 14817 | D:9      | Killed a two-headed ogre
 14818 | D:9      | Reached skill level 11 in Unarmed Combat
 14896 | D:9      | Found a snail-covered altar of Cheibriados.
 14896 | D:9      | Found a shimmering altar of Xom.
 15293 | D:9      | Found a hide-covered altar of Uskayaw.
 15755 | D:9      | Bought an Inescapable Atlas for 442 gold pieces
 15758 | D:9      | Learned a level 2 spell: Blink
 15774 | D:10     | Entered Level 10 of the Dungeon
 15828 | D:10     | Found Elepar's Distillery.
 16353 | D:10     | Bought a potion of heal wounds for 70 gold pieces
 16353 | D:10     | Bought a potion of heal wounds for 70 gold pieces
 16353 | D:10     | Bought a potion of resistance for 140 gold pieces
 16610 | D:10     | Found a staircase to the Lair.
 16734 | D:10     | Found an ornate altar of the Wu Jian Council.
 16885 | D:10     | Noticed a two-headed ogre
 16906 | D:10     | Killed a two-headed ogre
 17528 | D:11     | Noticed Josephine
 17530 | D:11     | Noticed a cyclops
 17799 | D:11     | Reached skill level 12 in Unarmed Combat
 17881 | D:11     | !bestwep
 17887 | D:11     | Noticed Psyche
 17913 | Lair:1   | Entered Level 1 of the Lair of Beasts
 18326 | Lair:1   | Found a sparkling altar of Nemelex Xobeh.
 18598 | Lair:1   | Reached skill level 1 in Translocations
 18598 | Lair:1   | Reached skill level 5 in Evocations
 18598 | Lair:1   | Reached XP level 12. HP: 84/84 MP: 11/15
 19911 | Lair:2   | Noticed a seven-headed hydra
 19911 | Lair:2   | Found a staircase to the Swamp.
 21528 | Lair:2   | Killed a seven-headed hydra
 21529 | Lair:2   | Reached skill level 13 in Unarmed Combat
 21567 | Lair:2   | Found a staircase to the Snake Pit.
 22356 | Lair:3   | Learned a level 5 spell: Manifold Assault
 22516 | Lair:3   | Reached XP level 13. HP: 90/90 MP: 14/19
 24588 | Lair:3   | Bought a scroll of teleportation for 36 gold pieces
 24588 | Lair:3   | Bought a scroll of fear for 42 gold pieces
 24606 | Lair:4   | Reached skill level 5 in Spellcasting
 24862 | Lair:4   | Learned a level 7 spell: Storm Form
 26258 | Lair:5   | Found a blossoming altar of Fedhas.
 26583 | Lair:5   | Reached skill level 14 in Unarmed Combat
 26748 | Lair:5   | Reached skill level 10 in Fighting
 27192 | Lair:6   | Entered Level 6 of the Lair of Beasts
 28912 | Lair:6   | Found a staircase to the Slime Pits.
 28944 | Lair:6   | Reached XP level 14. HP: 99/99 MP: 23/23
 29110 | Lair:6   | Found a runed translucent door.
 29314 | Lair:6   | Reached skill level 15 in Unarmed Combat
 31822 | Lair:6   | Bought a scroll of blinking for 127 gold pieces
 31822 | Lair:6   | Bought a scroll of teleportation for 51 gold pieces
 31822 | Lair:6   | Bought a scroll of teleportation for 51 gold pieces
 32316 | D:11     | Reached skill level 10 in Dodging
 32707 | D:11     | Noticed Lodul
 32725 | D:11     | Reached skill level 16 in Unarmed Combat
 32726 | D:11     | Killed Lodul
 33028 | D:11     | Killed Psyche
 33095 | D:11     | Noticed Nergalle
 33101 | D:11     | Killed Nergalle
 33110 | D:11     | Noticed Harold
 33365 | D:11     | Killed Harold
 33636 | D:11     | Learned a level 3 spell: Ozocubu's Armour
 33728 | D:11     | Killed Josephine
 33734 | D:11     | Reached skill level 1 in Air Magic
 34340 | D:12     | Reached XP level 15. HP: 108/108 MP: 24/24
 35376 | D:12     | Reached skill level 5 in Translocations
 35822 | D:12     | Found a shimmering blue altar of Sif Muna.
 35999 | D:13     | Noticed Sonja
 36022 | D:13     | Killed Sonja
 36081 | D:13     | Noticed Maurice
 36113 | D:13     | Killed Maurice
 36169 | D:13     | Found a gate to the Vaults.
 36218 | D:13     | Found a gate leading to a gauntlet.
 36234 | Gauntlet | Entered a Gauntlet
 36234 | Gauntlet | Found a transporter.
 36318 | Gauntlet | Found a transporter.
 36318 | Gauntlet | Found a transporter.
 36329 | Gauntlet | Found a transporter.
 36332 | Gauntlet | Found a transporter.
 36339 | Gauntlet | Noticed a balrug
 36350 | Gauntlet | Found a transporter.
 36359 | Gauntlet | Found a transporter.
 36363 | Gauntlet | Found a transporter.
 36383 | Gauntlet | Noticed a cacodemon
 36387 | Gauntlet | Found a transporter.
 36392 | Gauntlet | Found a transporter.
 36417 | Gauntlet | Found a transporter.
 36417 | Gauntlet | Found a transporter.
 36439 | Gauntlet | Found a runed translucent door.
 36444 | Gauntlet | Found a runed translucent door.
 36446 | Gauntlet | Found a transporter.
 36458 | Gauntlet | Found a runed translucent door.
 36470 | Gauntlet | Found a transporter.
 37365 | D:14     | Found a frozen archway.
 37371 | IceCv    | Entered an ice cave
 40076 | IceCv    | Identified the +9 glaive "Veyll" {flame, rPois Str+3
                  | Stlth+}
 40083 | IceCv    | Got the Guide on the Ghastly Compass
 40120 | D:14     | Bought a +6 ring of intelligence for 819 gold pieces
 40120 | D:14     | Bought the ring of Perfectionism {rN++ Will+ AC+4 Int-2
                  | SInv} for 827 gold pieces
 40505 | D:14     | Reached skill level 5 in Air Magic
 40762 | D:14     | Reached skill level 10 in Transmutations
 40874 | D:14     | Found Seustreedo's CLEARANCE SALE!.
 41084 | D:14     | Reached skill level 17 in Unarmed Combat
 41177 | D:14     | Reached XP level 16. HP: 116/116 MP: 6/26
 42633 | D:15     | Entered Level 15 of the Dungeon
 43456 | D:15     | Found Dukky's Distillery.
 43461 | D:15     | Bought 2 potions of haste for 300 gold pieces
 43461 | D:15     | Bought a potion of curing for 45 gold pieces
 43760 | D:15     | Found a staircase to the Depths.
 44138 | Orc:1    | Entered Level 1 of the Orcish Mines
 44859 | Orc:2    | Entered Level 2 of the Orcish Mines
 45581 | Orc:2    | Found a staircase to the Elven Halls.
 46587 | Orc:2    | Found Xaumm's Assorted Antiques.
 46643 | Orc:2    | Found Letamoppira's Distillery.
 46643 | Orc:2    | Found Zofar's General Store.
 46643 | Orc:2    | Found Oczafis's Book Shoppe.
 46643 | Orc:2    | Found Hiwo's Book Shop.
 46651 | Orc:2    | Bought a scroll of teleportation for 45 gold pieces
 46654 | Orc:2    | Bought a potion of heal wounds for 50 gold pieces
 46654 | Orc:2    | Bought a potion of invisibility for 80 gold pieces
 46654 | Orc:2    | Bought a potion of curing for 30 gold pieces
 46654 | Orc:2    | Bought a potion of invisibility for 80 gold pieces
 46731 | Orc:2    | Found Quaddeo's Self-Improvement Boutique.
 47208 | Snake:1  | Entered Level 1 of the Snake Pit
 47372 | Snake:1  | Noticed Azrael
 47448 | Snake:1  | Killed Azrael
 48285 | Snake:1  | Identified a scroll of acquirement
 48286 | Snake:1  | Found Gulo's Antique Weapon Shop.
 48291 | Snake:1  | Found Rietisan's Antique Armour Shop.
 48843 | Snake:1  | Bought the ring of Ru's Inspiration {rElec rC+ Slay+2} for
                  | 853 gold pieces
 49177 | Snake:1  | Found Hebbinke's Magic Scroll Shoppe.
 49184 | Snake:1  | Bought a scroll of magic mapping for 49 gold pieces
 49184 | Snake:1  | Bought a scroll of fog for 28 gold pieces
 49308 | Snake:1  | Acquired the Tome of Moulding
 49314 | Snake:1  | Learned a level 3 spell: Swiftness
 49314 | Snake:1  | !bestwep
 49601 | Snake:2  | Reached XP level 17. HP: 98/123 MP: 17/28
 49926 | Snake:2  | Noticed Nikola
 51103 | Snake:2  | Noticed Kirke
 51113 | Snake:2  | Killed Kirke
 51267 | Snake:2  | Identified the +7 lajatang of Imbalance {pain, rElec Int+3}
 53078 | Snake:3  | Noticed Asterion
 53136 | Snake:2  | Gained mutation: You are weak. (Str -2) [mutagenic glow]
 53248 | Snake:3  | Killed Asterion
 54307 | Snake:3  | Noticed Aizul
 54319 | Snake:3  | Killed Aizul
 56302 | Snake:3  | Found Xucuaxish's Book Shop.
 56305 | Snake:3  | Found Myiczin's Jewellery Shoppe.
 56306 | Snake:3  | Found Fiasemi's Book Shop.
 56360 | Snake:3  | Bought the ring of Veaso {Contam rPois rC+ Will++} for 662
                  | gold pieces
 56385 | Snake:3  | Noticed Vashnia
 56815 | Snake:3  | Killed Vashnia
 57542 | Snake:3  | Reached XP level 18. HP: 130/130 MP: 10/30
 58076 | Swamp:1  | Entered Level 1 of the Swamp
 58880 | Swamp:1  | Noticed a tentacled monstrosity
 58890 | Swamp:1  | Found a transporter.
 58891 | Swamp:1  | Found a one-way gate to the infinite horrors of the Abyss.
 58891 | Swamp:1  | Noticed Tezxun's ghost (adept MiMo)
 58902 | Swamp:1  | Found a transporter.
 60529 | Swamp:1  | Learned a level 7 spell: Dragon Form
 61103 | Swamp:2  | Reached skill level 10 in Air Magic
 62333 | Swamp:4  | Entered Level 4 of the Swamp
 62411 | Swamp:3  | Gained mutation: Your magical capacity is low. (-10% MP)
                  | [mutagenic glow]
 62911 | Swamp:4  | Noticed Mara
 62919 | Swamp:4  | Reached skill level 18 in Unarmed Combat
 63622 | Swamp:4  | Killed Mara
 64073 | Swamp:4  | Reached XP level 19. HP: 127/137 MP: 29/29
 64443 | Swamp:4  | Reached skill level 15 in Transmutations
 64487 | Swamp:4  | Got a decaying rune of Zot
 64964 | Snake:2  | Killed Nikola
 64965 | Snake:2  | Reached skill level 10 in Spellcasting
 65063 | Snake:4  | Entered Level 4 of the Snake Pit
 65170 | Snake:3  | Gained mutation: Your body sometimes deteriorates upon
                  | taking damage. [mutagenic glow]
 65231 | Snake:3  | Lost mutation: You are weak. (Str -2) [potion of mutation]
 65231 | Snake:3  | Lost mutation: Your magical capacity is low. (-10% MP)
                  | [potion of mutation]
 65231 | Snake:3  | Gained mutation: You are partially covered in iridescent
                  | scales. (AC +2) [potion of mutation]
 65231 | Snake:3  | Lost mutation: You are partially covered in iridescent
                  | scales. (AC +2) [potion of mutation]
 65231 | Snake:3  | Gained mutation: One of your tentacles bears a spike.
                  | [potion of mutation]
 66803 | Snake:4  | Reached skill level 15 in Fighting
 67187 | Snake:4  | Reached skill level 10 in Translocations
 67363 | Snake:4  | Got a serpentine rune of Zot
 68636 | Vaults:1 | Entered Level 1 of the Vaults
 69020 | Vaults:1 | Noticed a tentacled monstrosity
 69023 | Vaults:1 | Killed a tentacled monstrosity
 69248 | Vaults:1 | Learned a level 8 spell: Maxwell's Capacitive Coupling
 69545 | Vaults:1 | Reached XP level 20. HP: 145/145 MP: 21/34
 70693 | Vaults:2 | Found Sapydojan's Jewellery Shoppe.
 71110 | Vaults:2 | Found a runed translucent gate.
 71111 | Vaults:2 | Found a runed translucent gate.
 71111 | Vaults:2 | Found a runed translucent gate.
 71235 | Vaults:2 | Found a staircase to the Crypt.
 71661 | Vaults:2 | Reached skill level 19 in Unarmed Combat
 72369 | Vaults:2 | Reached XP level 21. HP: 61/153 MP: 33/36
 73196 | Snake:3  | Bought the ring of Kamnuyfi {rN+ MP+9} for 561 gold pieces
 74379 | Vaults:2 | Shot with an arrow by a centaur warrior

Illustrated notes # #.###........# # #............# # #####........# # #........# ############## #####.#### ............>##### #.# .................# #.####### #############.##.# #.......# # #..#@# #####.### # ##.#.# #<# #.# # ...# #.# #.# # #... #.# #.# # #... #.###.# # ##... #.....# # #... #.##..# # ##..##.##..# # ....#.##..# Turn 2816 on D:3: !bestwep ≈≈≈≈≈≈≈≈)...# #########)PP# #..≈...# ##..≈.≈.# ##≈.....## #.≈≈≈≈.≈≈.# ...#≈#...≈## .. #≈#≈.≈≈.# # #.≈@PP# #..PPP# #...P## ####.. ≈≈## #l. ##. ## Turn 3939 on Sewer: !bestwep ≈≈≈≈≈≈≈.....).).......######## ≈≈≈≈≈.....#...........<....... ≈≈≈..........#...######....... ..........#..#..## ....... .##...#####...>.###### ####### .##..######....##.... .....###....#..#..# .....##..##.#....# )....#..###.#...@### .....#.#...........# .....#.#.........#.# <....#.#.........#o# .....#...........# # .................# .......##........# .......##........# .......##........# Turn 6668 on D:5: !bestwep

### #......# #.....##..#***...,
#.####.....###..##..##.##*....,
##..#$...##..###.#8..8#..##...,,
#...$$.............>........#,,.
#..#..###..........)........#*#.
####..#####......#8..8#....#**..
#.....#.......##..##..g.#,##.
##.....).$......#....#....#..
#..###..##$@$......##,..g... #*
###..###..######....####.###..
.###.##..#....##..........#.#.#.#
...........#....................#
...........#..#...........[.....#
...##.####$.####.......)........#
#...........# #.....##...........
##...###.$.## ##.#..##.##........
##...##.#g..#**#....*##.#........


Turn 8298 on D:6: !bestwep ...P. .... ...# # ####...#.c ......'. .....####
#####........ ####...#)....... #>.#@[)'........ ###..).).'...gP...
###...#########..... ##....## P.... #..)### ♣.♣P #[)## ♣.♣ ####.## ♣♣ ##.....#
##...#.## Turn 11031 on D:8: !bestwep ######## #......# #......# #......#
#....[.# ... ######......# .....+...........# #.[..######@.....#
.........##......# ?........###.##### ...............###########
..................>....... .........<#..^.###.####### ........#.#....#..........
#######.#.####.#.#.######. #.#......#.#.# Turn 17881 on D:11: !bestwep
############## .............## ..............# ..............###
######..####§...## ##.# ##§§§.## #..# ##§8§§## ##.# ##§§§.## # ###..## ##@...##
# #.....# ##..#.## # ##...#.# ###...## # #....#.# #....## # ######.## ##....##
#...# ###....## ########.##########.......## ......#...#........).##....#
###.....∩.....###...####...# Turn 49314 on Snake:1: !bestwep

Levels and vault maps discovered:
D:1:      dpeg_arrival_prison, layout_basic, chequers_jeans,
          minmay_misc_feat_more_columns, grunt_decor_junction
D:2:      layout_loops_ring, serial_shops, shop
D:3:      layout_basic
D:4:      layout_cave_pools, grunt_temple_overflow_gold_and_silver,
          serial_shops, nicolae_stop_n_shop_1, nicolae_lakefront_shop,
          nicolae_stop_n_shop_1, shop, shop_fountains, portal_sewer_entry_b,
          kennysheep_donut, grunt_ministairs_7
D:5:      layout_rooms, temple_pool_b, hangedman_decor_diamond_cutter
D:6:      dreamdust_elfheim, layout_cave_pools, elyvilon_altar_4, st_stairs_6,
          minivault_25, corexii_leaking_fountain, kennysheep_generic_room_13
D:7:      layout_loops_cross, lemuel_doored_altar
D:8:      kennysheep_seaside_town, layout_basic, kennysheep_mini, uniq_amaemon,
          uniq_maggie
D:9:      layout_loops_corners, minmay_overflow_temple_hex,
          eat_drink_and_be_merry_uskayaw, erik_orc_4, serial_shops,
          nicolae_stop_n_shop_2
D:10:     layout_loops_ring, mainiacjoe_overflow_small_starburst,
          erik_lair_island, kennysheep_windowed_goal
D:11:     layout_basic, uniq_psyche, uniq_josephine, uniq_harold, uniq_lodul,
          uniq_nergalle
D:12:     layout_rooms, nicolae_sif_muna_little_library
D:13:     layout_rooms, david_vaults_4, gauntlet_entry_generic, uniq_sonja,
          uniq_maurice
D:14:     minmay_inside_and_out, layout_layer_cave,
          portal_ice_cave_entry_horrid_things, chequers_serial_rivers_micro_d,
          small_statue_intersection, nicolae_shop_clearance
D:15:     grunt_enter_depths_hoard, layout_loops_ring, serial_shops, shop
Temple:   kb_temple_of_zot
Lair:1:   layout_cave_pods, basic_altar
Lair:2:   layout_big_grid, minmay_swamp_entry_reptiles,
          guppyfry_snake_entry_island, grunt_megastairs_3
Lair:3:   layout_cave_pods, kennysheep_abandoned_house
Lair:4:   layout_big_grid
Lair:5:   statuecave_lemuel, layout_regular_city, tgw_fedhas,
          grunt_megastairs_5, infiniplex_staircase_pool
Lair:6:   hangedman_lair_caniforms_friends, layout_cave_pods, wormcave,
          slime_dummy, grunt_megastairs_4, lemuel_fruit_fields,
          lemuel_fruit_tree, infiniplex_staircase_pool_2
Swamp:1:  layout_basic_swamp, gammafunk_ghost_abyssal_escape,
          nicolae_swamp_oxbows, swamp_pool4, hangedman_swamp_dais
Swamp:2:  layout_falls_marsh, evilmike_swamp_ruin_rubble_2
Swamp:3:  layout_basic_swamp, hangedman_swamp_ruin_wall, swamp_pool2
Swamp:4:  swamp_basic_johnstein, layout_basic_swamp, uniq_mara
Snake:1:  layout_concentric_octagons, serial_shops, nicolae_lakefront_shop,
          special_room, serial_bayou_lagoon_a, statue_in_the_mist_lemuel,
          minmay_shop_star, uniq_azrael
Snake:2:  kennysheep_six_static_rooms, layout_chambers,
          nicolae_snake_dead_anacondas, serial_bayou_shore_b, uniq_nikola,
          uniq_kirke
Snake:3:  hangedman_cross_stitches, layout_misc_corridors,
          nicolae_snake_snakes_in_the_grass, minmay_shop_grove, uniq_asterion,
          uniq_aizul, uniq_vashnia
Snake:4:  grunt_snake_rune_serpentine_throne, layout_cave_town,
          serial_bayou_shore_b, serial_bayou_shore_b
Orc:1:    layout_caves
Orc:2:    st_orc_ogre_mass, layout_caves, serial_shops, nicolae_shop_waterfront,
          nicolae_shop_self_help
Vaults:1: grunt_vaults_trifunnel, v_pattern_2, grunt_vaults_funnel,
          v_alt_pattern_3, grunt_vaults_diagonal, hangedman_vaults_slither,
          nicolae_vaults_ring_of_whatevers, vaults_mumra_hexcomb,
          v_alt_pattern_5, hangedman_vaults_impose, nicolae_vaults_theta,
          st_lattice, layout_vaults_big_cross
Vaults:2: gammafunk_ghost_tricky_traps, vaults_room_fours,
          nicolae_vaults_rhombus_6, nicolae_vaults_arrows,
          minmay_crypt_entry_simple_box, ontoclasm_vaults_ring_small, v_misc_30,
          vaults_mumra_hex, ontoclasm_vaults_chip, grunt_vaults_focal,
          layout_vaults_omnigrid, serial_shops, shop
Vaults:3: v_misc_26, dpeg_vaults_pockets_of_resistance, nicolae_vaults_big_ls,
          ontoclasm_vaults_claustrophobia, vaults_room_fours, vaults_room_pool,
          grunt_vaults_hallway_short, vaults_dpeg_ring, vaults_room_door_ring,
          hangedman_vaults_maws, dpeg_vaults_monster_box,
          hangedman_vaults_capsules, vaults_dpeg_hooks,
          layout_vaults_chaotic_city, serial_shops, nicolae_square_shop

Skill      XL: |  1  2  3  4  5  6  7  8  9 10 11 12 13 14 15 16 17 18 19 20 21 |
---------------+----------------------------------------------------------------+-----
Stealth        | 1 2 3 5 |  5.0
Unarmed Combat | 4 5 6 7 9 10 12 13 14 16 17 18 19 | 19.2
Fighting       | 2 3 5 6 7 8 9 10 11 12 13 14 15 16 | 16.0
Ice Magic      | 1 2 3 4 |  4.0
Transmutations | 3 4 6 8 10 11 13 14 15 16 | 16.0
Dodging        | 3 5 6 7 9 10 | 10.0
Evocations     | 2 5 6 |  6.0
Translocations | 1 3 4 6 8 9 10 11 | 11.7
Spellcasting   | 4 6 7 8 9 10 11 | 11.6
Air Magic      | 1 5 6 9 10 11 13 | 13.7

Action                   |  1- 3 |  4- 6 |  7- 9 | 10-12 | 13-15 | 16-18 | 19-21 || total
-------------------------+-------+-------+-------+-------+-------+-------+-------++-------
Melee: Unarmed           |    70 |    51 |   100 |   477 |   913 |  1245 |   585 ||  3441
       Constrict         |    23 |    22 |    37 |     7 |     2 |       |       ||    91
       Tentacles         |    17 |    20 |    33 |     7 |     2 |       |     7 ||    86
       Kick              |    24 |    26 |    43 |     1 |       |       |     4 ||    98
       Punch             |     3 |     2 |     4 |       |     3 |    12 |    85 ||   109
       Dagger            |       |    40 |   164 |    16 |       |       |       ||   220
       Bite              |       |       |       |       |       |     9 |     5 ||    14
       Tailslap          |       |       |       |       |       |     5 |     5 ||    10
       Staff             |       |       |       |       |       |       |     2 ||     2
Throw: Stone             |     2 |       |       |       |       |       |       ||     2
       Dart              |       |       |     3 |     2 |       |       |       ||     5
 Cast: Beastly Appendage |    25 |    17 |    37 |     2 |     2 |       |       ||    83
       Spider Form       |       |     3 |    11 |     9 |     4 |     3 |       ||    30
       Ice Form          |       |       |     3 |    76 |   116 |   113 |       ||   308
       Ozocubu's Armour  |       |       |       |       |    21 |    22 |     3 ||    46
       Manifold Assault  |       |       |       |       |    26 |   196 |    27 ||   249
       Storm Form        |       |       |       |       |       |     8 |    52 ||    60
       Dragon Form       |       |       |       |       |       |    17 |     3 ||    20
       Swiftness         |       |       |       |       |       |     1 |       ||     1
Invok: Call Merchant     |       |       |       |     1 |     3 |     1 |     1 ||     6
       Potion Petition   |       |       |       |       |       |     5 |       ||     5
 Abil: End Transformatio |       |       |     1 |       |     2 |     1 |       ||     4
       Blinkbolt         |       |       |       |       |       |     5 |    18 ||    23
       Breathe Fire      |       |       |       |       |       |     2 |       ||     2
Evoke: Wand              |       |       |       |    14 |    10 |     3 |       ||    27
  Use: Scroll            |       |     3 |    21 |     3 |     9 |     7 |     1 ||    44
       Potion            |       |     1 |     7 |     1 |     2 |     7 |     1 ||    19
 Stab: Sleeping          |    12 |     6 |    24 |     4 |    10 |     9 |     2 ||    67
       Invisible         |       |       |     2 |       |       |       |       ||     2
       Distracted        |       |       |       |     6 |     3 |    11 |     5 ||    25
Armor: Skin              |     4 |     3 |    18 |    92 |   150 |   235 |   103 ||   605
Dodge: Dodged            |    36 |    42 |   164 |   249 |   463 |   450 |   325 ||  1729
Block: Other             |       |       |       |       |       |   163 |    68 ||   231
       Reflection        |       |       |       |       |       |    11 |    11 ||    22

Table legend: (Time is in decaauts)
 A = Elapsed time spent in this place.
 B = Non-inter-level travel time spent in this place.
 C = Inter-level travel time spent in this place.
 D = Time resting spent in this place.
 E = Time spent auto-exploring this place.
 F = Levels seen in this place.
 G = Mean time per level.
                   A        B        C        D        E       F      G
               +--------+--------+--------+--------+--------+-----+--------+
         Total |  73612 |  69325 |   4287 |  13932 |  44470 |  38 | 1937.2 |
       Dungeon |  26001 |  24376 |   1625 |   4541 |  15660 |  15 | 1733.4 |
        Temple |      1 |      1 |      0 |      0 |      0 |   1 |    1.0 |
          Lair |  15951 |  14820 |   1131 |   2821 |   9874 |   6 | 2658.5 |
         Swamp |   6371 |   6067 |    304 |   2176 |   3047 |   4 | 1592.8 |
     Snake Pit |  13428 |  12583 |    845 |   2625 |   7917 |   4 | 3357.0 |
  Orcish Mines |   2788 |   2691 |     97 |    888 |   1433 |   2 | 1394.0 |
        Vaults |   5039 |   4756 |    283 |     26 |   4090 |   3 | 1679.7 |
         Sewer |   1052 |   1052 |      0 |    143 |    661 |   1 | 1052.0 |
      Ice Cave |   2691 |   2691 |      0 |    638 |   1656 |   1 | 2691.0 |
      Gauntlet |    286 |    286 |      0 |     72 |    132 |   1 |  286.0 |
               +--------+--------+--------+--------+--------+-----+--------+

Top non-repeatable levels by time:
 Snake:2: 4902 daAuts
  Lair:6: 4433 daAuts
 Snake:3: 4117 daAuts
Vaults:2: 3011 daAuts
     D:8: 2844 daAuts
  Lair:1: 2844 daAuts
    D:14: 2843 daAuts
  Lair:5: 2766 daAuts
   IceCv: 2691 daAuts
  Lair:3: 2589 daAuts
 Swamp:1: 2541 daAuts
     D:7: 2302 daAuts
    D:10: 2289 daAuts
 Snake:1: 2243 daAuts
    D:11: 2218 daAuts
